 Dungeon Crawl Stone Soup version 0.27-a0-1191-g601b473118 (webtiles) character file.

Game seed: 16278475767045882668

37 Zeld the Chopper (level 3, -7/46 HPs)
             Began as a Minotaur Berserker on May 24, 2021.
             Was a Believer of Trog.
             Mangled by Sigmund
             ... wielding a +0 scythe
              (13 damage)
             ... on level 2 of the Dungeon.
             The game lasted 00:01:08 (1231 turns).

Zeld the Chopper (Minotaur Berserker)               Turns: 1231, Time: 00:01:09

Health: -7/46      AC:  1    Str: 22    XL:     3   Next: 21%
Magic:  2/2        EV: 12    Int:  4    God:    Trog [**....]
Gold:   28         SH:  0    Dex:  9    Spells: 2/2 levels left

rFire    . . .     SeeInvis .   a - +0 hand axe
rCold    . . .     Faith    .   (no shield)
rNeg     . . .     Spirit   .   (no armour)
rPois    .         Reflect  .   (helmet restricted)
rElec    .         Harm     .   (no cloak)
rCorr    .         Rampage  .   e - +0 pair of gloves
Will     .....                  (no boots)
Stlth    ..........             (no amulet)
HPRegen  0.15/turn              (no ring)
MPRegen  0.08/turn              (no ring)

@: berserking, very quick
A: horns 2, retaliatory headbutt
a: Renounce Religion, Berserk, Trog's Hand


You were on level 2 of the Dungeon.
You worshipped Trog.
Trog was pleased with you.
You visited 1 branch of the dungeon, and saw 2 of its levels.

You collected 28 gold pieces.

Inventory:

Hand Weapons
 a - a +0 hand axe (weapon)
Armour
 e - a +0 pair of gloves (worn)
Scrolls
 b - a scroll of immolation {unknown}
 d - 2 scrolls of blinking {unknown}
 g - a scroll of silence {unknown}
 h - a scroll of torment {unknown}
Potions
 c - a potion of mutation {unknown}
 f - a potion of curing {unknown}


   Skills:
 - Level 3.6 Fighting
 * Level 5.3 Axes
 - Level 2.4 Armour
 - Level 2.1 Dodging


You had 2 spell levels left.
You didn't know any spells.
Your spell library was empty.

Dungeon Overview and Level Annotations

Branches:
Dungeon (2/15)

Altars:

Annotations:
D:2 Sigmund


Innate Abilities, Weirdness & Mutations

You have a pair of horns on your head.
You reflexively headbutt those who attack you in melee.


Message History

A worm comes into view.
A worm is nearby!
A worm is nearby!
You hit the worm.
The worm is moderately wounded.
You hit the worm. You headbutt the worm!
You kill the worm!
Trog accepts your kill.
No target in view!
No target in view!
No target in view!
You see here a worm corpse.
Found a mace.
No target in view!
No target in view!
You now have 28 gold pieces (gained 11).
Sigmund the Dreaded comes into view.
He is wielding a +0 scythe.
Sigmund shouts!
Found a scroll labelled BUM INATWEACH.
Sigmund casts a spell at you.
You are confused.
Sigmund is nearby!
You are too confused!
Sigmund is nearby!
You are too confused!
Sigmund is nearby!
You bump into the rock wall.
Sigmund casts a spell at himself.
Sigmund flickers and vanishes!
Deactivating autopickup; reactivate with Ctrl-A.
You bump into the rock wall.
You're too confused to move!
Something hits you!
You feel less confused. Something hits you.
A red film seems to cover your vision as you go berserk!
You feel yourself moving faster!
You feel mighty! Something hits you!
* * * LOW HITPOINT WARNING * * *
You hit something. You slash something! Your headbutt misses something.
Something hits you!
You die...

#.#.....#
#.#######
#.# #.#
#.# #.#
#.#
########.#
.?....{@.#
##########


There were no monsters in sight!

Vanquished Creatures
  A worm (D:2)
  4 ball pythons (D:1)
  4 bats (D:1)
  An endoplasm (D:1)
  2 giant cockroaches
  3 hobgoblins
  2 quokkas (D:1)
  3 frilled lizards
  4 goblins
  5 kobolds (D:1)
  4 rats (D:1)
33 creatures vanquished.

Notes
Turn   | Place    | Note
-------+----------+-------------------------------------------
     0 | D:1      | Zeld the Minotaur Berserker began the quest for the Orb.
     0 | D:1      | Reached XP level 1. HP: 19/19 MP: 0/0
    41 | D:1      | Reached skill level 4 in Axes
   165 | D:1      | Reached XP level 2. HP: 14/26 MP: 1/1
   659 | D:1      | Reached ** piety under Trog
   698 | D:1      | Reached skill level 5 in Axes
   814 | D:1      | Reached XP level 3. HP: 25/31 MP: 2/2
  1221 | D:2      | Noticed Sigmund
  1231 | D:2      | Mangled by Sigmund

Illustrated notes

Levels and vault maps discovered:
D:1:      saegor_arrival_simple_e, layout_rooms, minmay_pentomino_r2
D:2:      layout_basic, minmay_misc_feat_tower, uniq_sigmund, uniq_jessica

Skill      XL: |  1  2 |
---------------+-------+-----
Axes           | 4 5 |  5.3
Fighting       | |  3.6
Armour         | |  2.4
Dodging        | |  2.1

Action                   || total
-------------------------++-------
Melee: Hand axe          ||    61
       Headbutt          ||     3
Invok: Berserk           ||     2
 Stab: Sleeping          ||     1
Armor: Skin              ||     4
Dodge: Dodged            ||    44

Table legend: (Time is in decaauts)
 A = Elapsed time spent in this place.
 B = Non-inter-level travel time spent in this place.
 C = Inter-level travel time spent in this place.
 D = Time resting spent in this place.
 E = Time spent auto-exploring this place.
 F = Levels seen in this place.
 G = Mean time per level.
                   A        B        C        D        E       F      G
               +--------+--------+--------+--------+--------+-----+--------+
         Total |   1245 |   1218 |     27 |    109 |    929 |   2 |  622.5 |
       Dungeon |   1245 |   1218 |     27 |    109 |    929 |   2 |  622.5 |
               +--------+--------+--------+--------+--------+-----+--------+

Top non-repeatable levels by time:
     D:1: 945 daAuts
     D:2: 299 daAuts
